 Dungeon Crawl Stone Soup version 0.31-a0-187-gba352fbbf7 (webtiles) character file.

Game seed: 11855660816541687247

94 qw the Shooter (level 4, 0/25 HPs)
             Began as a Deep Elf Hunter on June 22, 2023.
             Slain by a cerulean imp
             ... wielding a +1 spear
             ... summoned by Natasha
              (3 damage)
             ... on level 2 of the Dungeon.
             The game lasted 00:00:35 (1036 turns).

qw the Shooter (Deep Elf Hunter)                    Turns: 1036, Time: 00:00:36

Health: 0/25       AC:  5    Str: 10    XL:     4   Next: 38%
Magic:  6/6        EV: 11    Int: 14    God:
Gold:   101        SH:  0    Dex: 18    Spells: 3/3 levels left

rFire   . . .        Y - +0 shortbow
rCold   . . .        (shield currently unavailable)
rNeg    . . .        a - +0 ring mail
rPois   .            (no helmet)
rElec   .            (no cloak)
rCorr   .            (no gloves)
SInv    .            (no boots)
Will    .....        (no amulet)
Stlth   +            (no ring)
HPRegen 0.24/turn    (no ring)
MPRegen 0.10/turn

%: no passive effects
@: slowed, very slow
A: no striking features
a: no special abilities


You were on level 2 of the Dungeon.
You visited 1 branch of the dungeon, and saw 2 of its levels.

You collected 101 gold pieces.


   Skills:
 - Level 1.5 Fighting
 + Level 7.8 Ranged Weapons
 - Level 2.4 Dodging
 - Level 1.2 Stealth


You had 3 spell levels left.
You didn't know any spells.
Your spell library was empty.

Inventory:

Hand Weapons
 Y - a +0 shortbow (weapon)
Armour
 a - a +0 ring mail (worn)
Scrolls
 f - a scroll of teleportation
Potions
 e - a potion of curing {unknown}

Dungeon Overview and Level Annotations

Branches:
Dungeon (2/15)

Altars:

Annotations:
D:2 Natasha


Message History

Enter note:
Enter note:
Enter note:
Enter note:
Enter note:
Enter note:
Enter note:
Enter note:
Enter note:
Enter note:
Enter note: Done exploring.
(D) Dungeon
Where to? (* - list waypoints, Enter - D:2, ? - help)
What level of the Dungeon? (default 1, ? - help)
You see here a rat skeleton.
There is a stone staircase leading up here.
Natasha, Servant of Life and Death comes into view.
She is carrying a wand of flame (26).
Natasha hisses angrily.
You shoot an arrow. The arrow barely misses Natasha.
You shoot an arrow. The arrow closely misses Natasha.
Natasha drinks a potion.
Natasha seems to speed up.
You shoot an arrow. The arrow hits Natasha.
Natasha is moderately wounded.
You shoot an arrow. The arrow barely misses Natasha.
Natasha completely misses you.
You shoot an arrow. The arrow hits Natasha!
Natasha is severely wounded.
Natasha claws you. Natasha casts a spell at you.
You feel yourself slow down.
You shoot an arrow. The arrow closely misses Natasha.
Natasha barely misses you.
Natasha casts a spell.
Natasha claws you!
You shoot an arrow. The arrow closely misses Natasha.
Natasha hisses.
Natasha claws you! Natasha claws you.
The cerulean imp hits you from afar with a +1 spear.
You die...

####.............###..#..........
#.............................
###.............###...........##
##.).........<...)............#..
...%##...............|.##....##.#
....#######.....................#
......#####...................###
###.#.>##............#......#####
##.............h@....#..<........
#...#####.#..........#.....##....
#..####...#....5.....#........###
#..###..##.........###:....%#####
..###..###.........###...........
.###..####................#######
.....................#....# #
........#..........#...##########
...................##..%.........


You could see Natasha (fast) and a cerulean imp (summoned).

Vanquished Creatures
  Natasha (twice) (D:2)
  2 dart slugs (D:1)
  5 endoplasms
  8 giant cockroaches (D:1)
  3 goblins (D:1)
  2 hobgoblins
  A quokka (D:2)
  5 ball pythons
  A bat (D:2)
  A frilled lizard (D:2)
  6 kobolds
  2 rats
38 creatures vanquished.

Notes
Turn   | Place    | Note
-------+----------+-------------------------------------------
     0 | D:1      | qw the Deep Elf Hunter began the quest for the Orb.
     0 | D:1      | Reached XP level 1. HP: 12/12 MP: 3/3
     0 | D:1      | 0 ||| qw: Version: 0.3-a-9-g12657ce
     0 | D:1      | 0 ||| qw: Game counter: 2467
     0 | D:1      | 0 ||| qw: Always use a shield: true
     0 | D:1      | 0 ||| qw: God list: Okawaru
     0 | D:1      | 0 ||| qw: Allow faded altars: false
     0 | D:1      | 0 ||| qw: Do Orc after D:15 true
     0 | D:1      | 0 ||| qw: Do second Lair branch before Depths: true
     0 | D:1      | 0 ||| qw: Lair rune preference: random
     0 | D:1      | 0 ||| qw: Plans: Normal
     0 | D:1      | 0 ||| PLANNING D:1-11
    60 | D:1      | Reached XP level 2. HP: 16/16 MP: 4/4
   127 | D:1      | Reached skill level 6 in Ranged Weapons
   415 | D:1      | Reached XP level 3. HP: 20/20 MP: 5/5
   482 | D:1      | 482 ||| DROPPING amulet of magic regeneration.
   483 | D:1      | 483 ||| READING scroll labelled IPYOTO YTOLIUX.
   484 | D:1      | 484 ||| READING scroll labelled RULEPL VAUWKI.
   485 | D:1      | 485 ||| READING scroll labelled QIZXOD FOGERCH.
   486 | D:1      | 486 ||| DROPPING scroll of butterflies.
   600 | D:2      | Noticed Natasha
   606 | D:2      | Killed Natasha
   607 | D:2      | Reached skill level 7 in Ranged Weapons
   611 | D:2      | Noticed Natasha
   613 | D:2      | Killed Natasha
   614 | D:2      | Reached XP level 4. HP: 22/25 MP: 6/6
   698 | D:2      | Found a faded altar of an unknown god.
   856 | D:2      | 856 ||| FLEEEEING.
   859 | D:2      | 859 ||| FLEEEEING.
   861 | D:2      | 861 ||| FLEEEEING.
   862 | D:2      | 862 ||| FLEEEEING.
   863 | D:2      | 863 ||| FLEEEEING.
   868 | D:2      | 868 ||| FLEEEEING.
   871 | D:2      | 871 ||| FLEEEEING.
   872 | D:2      | 872 ||| FLEEEEING.
   873 | D:2      | 873 ||| STAIRDANCE
   887 | D:1      | 887 ||| UPGRADING to +0 ring mail.
   897 | D:1      | 897 ||| DROPPING +0 leather armour.
   898 | D:1      | 898 ||| READING scroll labelled WUBEQAEW YTZE.
   899 | D:1      | 899 ||| READING scroll labelled NUOXTIAMIN.
   900 | D:1      | 900 ||| READING 2 scrolls labelled DEALUF VUMOREI.
  1029 | D:2      | Noticed Natasha
  1036 | D:2      | HP: 4/25 [Natasha (8)]
  1036 | D:2      | Slain by a cerulean imp

Levels and vault maps discovered:
D:1:      minmay_arrival_three_doors, layout_rooms, minmay_worlds_worst_comb
D:2:      layout_rooms, shapermc_ecumenical_altar_acropolis, uniq_natasha

Skill      XL: |  1  2  3 |
---------------+----------+-----
Ranged Weapons | 6 7 |  7.8
Fighting       | |  1.5
Dodging        | |  2.4
Stealth        | |  1.2

Action                     |  1- 3 |  4- 6 || total
---------------------------+-------+-------++-------
   Fire: Shortbow          |    77 |    46 ||   123
    Use: Scroll            |     3 |     3 ||     6
 Armour: Leather armour    |    13 |     2 ||    15
  Dodge: Dodged            |    16 |    11 ||    27

Table legend:
 A = Non-vault XP
 B = Vault XP
 C = Vault XP percentage of total XP
 D = Non-vault monster count
 E = Vault monster count
 F = Vault count percentage of total count
                 A         B        C        D         E       F
            +---------+---------+-------+---------+---------+-------
      Total |      88 |      47 |  34.8 |      31 |       7 |  18.4
            +---------+---------+-------+---------+---------+-------
        D:1 |      29 |      12 |  29.3 |      14 |       6 |  30.0
        D:2 |      59 |      35 |  37.2 |      17 |       1 |   5.6
            +---------+---------+-------+---------+---------+-------
